 Dungeon Crawl Stone Soup version 0.30.1-4-g462c640d31 (webtiles) character file.

Game seed: 18173382158406558426

2 leafyfresh the Sneak (level 1, 0/21 HPs)
             Began as a Naga Delver on Aug 17, 2023.
             Slain by an iguana (3 damage)
             ... on level 4 of the Dungeon.
             The game lasted 00:00:27 (78 turns).

leafyfresh the Sneak (Naga Delver)                    Turns: 78, Time: 00:00:27

Health: 0/21       AC:  1    Str: 14    XL:     1   Next: 30%
Magic:  1/1        EV:  9    Int: 10    God:
Gold:   0          SH:  0    Dex: 12    Spells: 0/0 levels left

rFire   . . .        a - +0 short sword
rCold   . . .        (no shield)
rNeg    . . .        b - +0 leather armour
rPois   +            (no helmet)
rElec   .            (no cloak)
rCorr   .            (no gloves)
SInv    +            (no barding)
Will    .....        (no amulet)
Stlth   +++          (no ring)
HPRegen 0.23/turn    (no ring)
MPRegen 0.07/turn

%: no passive effects
@: short of breath, very slow
A: AC +0, large, see invisible, deformed body, poison resistance, slowness 2,
spit poison 1, naga tail 1
a: Spit Poison


You were on level 4 of the Dungeon.
You visited 1 branch of the dungeon, and saw 2 of its levels.

Inventory:

Hand Weapons
 a - a +0 short sword (weapon)
Armour
 b - a +0 leather armour (worn)
Wands
 g - a wand of digging (3)
Scrolls
 c - a scroll of fog
 e - a scroll of fear
Potions
 f - a potion of haste


   Skills:
 - Level 3.0 Fighting
 - Level 2.0 Short Blades
 - Level 1.6 Dodging
 + Level 7.3 Stealth


You couldn't memorise any spells.
You didn't know any spells.
Your spell library was empty.

Dungeon Overview and Level Annotations

Branches:
Dungeon (5/15)
 Temple: D:4-7

Altars:


Innate Abilities, Weirdness & Mutations

Your serpentine skin is tough. (AC +0)
You have supernaturally acute eyesight. (SInv)
Armour fits poorly on your strangely shaped body.
Your system is resistant to poisons. (rPois)
You cover ground very slowly.
You can spit poison.
You have a snake-like lower body.


Message History

The hobgoblin is moderately wounded.
The hobgoblin hits you. The ball python bites you.
You hit the hobgoblin.
The hobgoblin is almost dead.
The hobgoblin barely misses you.
The ball python bites you but does no damage.
You hit the hobgoblin.
You kill the hobgoblin!
The ball python bites you.
You closely miss the ball python. The ball python barely misses you.
An iguana comes into view.
The iguana hisses angrily.
You hit the ball python.
The ball python is moderately wounded.
The ball python bites you.
A ball python is nearby!
You closely miss the ball python.
The ball python is moderately wounded.
The ball python bites you.
There are monsters nearby!
You hit the ball python.
You kill the ball python!
An iguana is nearby!
You don't know any spells.
Unknown command.
Aiming: Spit Poison (3% risk of failure)
Press: ? - help, Q - select action Shift-Dir - straight line, f - iguana
Aim: an iguana (59% to hit)
The splash of poison hits the iguana.
The iguana is lightly wounded.
Unknown command.
Unknown command.
You barely miss the iguana.
The iguana is lightly wounded.
The iguana bites you!
* * * LOW HITPOINT WARNING * * *
You hit the iguana but do no damage.
The iguana is lightly wounded.
The iguana bites you.
You die...

******,**,*,**....,,**,,,*,,,,,,,
<,,,,*,**,*,**#..#*###..,*,,,,,,,
****,*,**,#,* #..#,.....,,,,,,,,,
,,,,,*,**,#.###..#......,,,,,,,,,
,,,,,,,...#......#......,,,***+**
,,,,,,,.......>.##......,,,***,*
,,,,,,,..######.........,,,,,,,**
,,,,,,,*** #.......#....,,,,,,,,,
***********#..†.@.......,,,,,,,,,
*,,,,,,,.........l#..<..,,,,,,,,,
,,,,,,,,.....#.#........,,,,,,,,,
,,,,,,,,....##.##.......,,***,,,,
,,,,,,,,#.#.,##*,.###...,,**,,,,,
*,,,,,,*#.#*,,**,.#**,..,,**,,,,,
*,,,,,,,***,,***,..,*,,.,,**,,,,,
**,,,,,,,*,,**,**..,*,,,,,,,,,,,,
,,,,,*,,***,,*,*,,,,,,,,,,,*,,,,,


You could see an iguana.

Vanquished Creatures
  A hobgoblin (D:4)
  A ball python (D:4)
2 creatures vanquished.

Notes
Turn   | Place    | Note
-------+----------+-------------------------------------------
     0 | D:5      | leafyfresh the Naga Delver began the quest for the Orb.
     0 | D:5      | Reached XP level 1. HP: 21/21 MP: 1/1
    12 | D:5      | Noticed an iguana
    71 | D:4      | Noticed an iguana
    78 | D:4      | Slain by an iguana

Illustrated notes

Levels and vault maps discovered:
D:4:      layout_basic, nicolae_overflow_hidden_temple, gammafunk_ghost_smash,
          minmay_between, uniq_eustachio, uniq_natasha, uniq_pikel,
          uniq_blork_the_orc
D:5:      kennysheep_windowed_halls, layout_basic, gammafunk_ghost_necromancy,
          corexii_item_surrounded_by_moat, minmay_misc_feat_encased

Action                     || total
---------------------------++-------
  Melee: Short sword       ||    12
Ability: Spit Poison       ||     1
    Use: Scroll            ||     1
 Armour: Leather armour    ||     1
  Dodge: Dodged            ||     4
